 Dungeon Crawl Stone Soup version 0.20-a0-449-g96be121 (webtiles) character file.

67 Goblin1989 the Chopper (level 4, 0/35 HPs)
             Began as a Barachian Fighter on Jan 8, 2017.
             Slain by Robin
             ... wielding a +0 mace
              (4 damage)
             ... on level 2 of the Dungeon.
             The game lasted 00:04:31 (1342 turns).

Goblin1989 the Chopper (Barachian Fighter)          Turns: 1342, Time: 00:04:32

Health: 0/35       AC:  6    Str: 15    XL:     4   Next: 18%
Magic:  4/4        EV:  6    Int:  6    God:
Gold:   85         SH:  8    Dex: 10    Spells: 3/3 levels left

rFire  . . .     SeeInvis .     a - +0 war axe
rCold  . . .     Gourm    .     b - +0 scale mail
rNeg   . . .     Faith    .     c - +0 shield
rPois  .         Spirit   .     (no helmet)
rElec  .         Reflect  .     (no cloak)
rCorr  .         Harm     .     (no gloves)
MR     .....                    (no boots)
Stlth  ..........               (no amulet)
                                (no ring)
                                (no ring)

@: slow
A: swims, slowness 1, strong legs 1
a: Hop


You were on level 2 of the Dungeon.
You were very hungry.

You visited 1 branch of the dungeon, and saw 2 of its levels.

You collected 85 gold pieces.

Inventory:

Hand Weapons
 a - a +0 war axe (weapon)
Armour
 b - a +0 scale mail (worn)
 c - a +0 shield (worn)
Scrolls
 i - a scroll of enchant armour {unknown}
 j - a scroll of recharging {unknown}
 m - 2 scrolls of amnesia {unknown}
 n - a scroll of identify {unknown}
 o - a scroll of enchant weapon {unknown}
Potions
 d - 2 potions of might
 e - 2 potions of berserk rage {unknown}
 g - a potion of heal wounds {unknown}
 h - 3 potions of curing {unknown}
 q - 2 potions of haste {unknown}
 r - a potion of resistance {unknown}
Comestibles
 f - a bread ration {@e1}
 k - 2 meat rations {@e2}
 l - a fruit
 p - a royal jelly


   Skills:
 - Level 3.2 Fighting
 + Level 4.3 Axes
 - Level 3.2 Armour
 - Level 3.0 Shields


You had 3 spell levels left.
You didn't know any spells.

Dungeon Overview and Level Annotations

Branches:
Dungeon (2/15)

Altars:

Annotations:
D:2 Robin


Innate Abilities, Weirdness & Mutations

You can swim through water.
You cover ground slowly.
You can hop short distances.


Message History

Robin is lightly wounded.
Robin barely misses you.
Your shield and scale mail prevent you from hitting Robin.
Robin is lightly wounded.
Robin says, "My goblins will feast on your bones."
You block Robin's attack.
You closely miss Robin.
Robin is lightly wounded.
Robin hits you with a mace.
* * * LOW HITPOINT WARNING * * *
You take 4 damage, and have 5/35 hp.
You closely miss Robin.
Robin is lightly wounded.
Robin hits you with a mace.
* * * LOW HITPOINT WARNING * * *
You take 1 damage, and have 4/35 hp.
You hit Robin.
Robin is heavily wounded.
You block Robin's attack. Robin hits you with a mace.
You die...

.......█████..........█.....██
███.██....██.█████.████.....██
█.█████.██.█ █.............
█..........█ █..███.....███
█████.....██████..█ █.....█
█...........█..█ ███.███
██.....████.█..█ ... ██...██
█)█..█


████ ██.██ █@█..█ ███ █g█..█ █....█ ...... ..... █...... █....... █.......█ You
could see Robin.

Vanquished Creatures
  2 adders (D:2)
  2 dart slugs (D:1)
  2 leopard geckos
  A giant cockroach (D:1)
  12 goblins
  8 hobgoblins
  A ball python (D:2)
  2 bats (D:1)
  7 frilled lizards
  3 kobolds (D:1)
  2 rats (D:2)
42 creatures vanquished.

Notes
Turn   | Place    | Note
-------+----------+-------------------------------------------
     0 | D:1      | Goblin1989 the Barachian Fighter began the quest for the Orb.
     0 | D:1      | Reached XP level 1. HP: 18/18 MP: 1/1
    25 | D:1      | Reached XP level 2. HP: 23/24 MP: 2/2
   121 | D:1      | Reached skill level 3 in Axes
   720 | D:1      | Reached XP level 3. HP: 29/29 MP: 3/3
  1113 | D:2      | Reached skill level 4 in Axes
  1308 | D:2      | Noticed Robin
  1316 | D:2      | Reached XP level 4. HP: 31/35 MP: 4/4
  1342 | D:2      | Slain by Robin

Vault maps used:
D:1:      sevenhm_arrival_forest_fort_small_6
D:2:      minmay_distorted, uniq_robin

Skill      XL: |  1  2  3 |
---------------+----------+-----
Axes           | 3 4 |  4.3
Fighting       | |  3.2
Armour         | |  3.2
Shields        | |  3.0

Action                   |  1- 3 |  4- 6 || total
-------------------------+-------+-------++-------
Melee: War axe           |   120 |    26 ||   146
  Eat: Chunk             |     1 |       ||     1
Armor: Scale mail        |    56 |     8 ||    64
Dodge: Dodged            |    30 |     7 ||    37
Block: Shield            |    59 |    14 ||    73

Vault maps used:
D:1:      sevenhm_arrival_forest_fort_small_6
D:2:      minmay_distorted, uniq_robin
